 Dungeon Crawl Stone Soup version 0.29.0-13-gc9e81de378 (webtiles) character file.

Game seed: 4729520677867923151

77 SnakkuSnakku7 the Sneak (level 4, -1/37 HPs)
             Began as a Ghoul Enchanter on Sept 11, 2022.
             Splashed by a jelly's acid (6 damage)
             ... on level 4 of the Dungeon.
             The game lasted 00:05:35 (1919 turns).

SnakkuSnakku7 the Sneak (Ghoul Enchanter)           Turns: 1919, Time: 00:05:37

Health: -1/37      AC:  2    Str: 13    XL:     4   Next: 34%
Magic:  5/5        EV: 12    Int: 10    God:
Gold:   137        SH:  0    Dex:  9    Spells: 6/6 levels left

rFire   . . .      SeeInvis .   a - +0 flail
rCold   + . .      Faith    .   (no shield)
rNeg    + + +      Spirit   .   b - +0 robe
rPois   ∞          Reflect  .   e - +1 helmet
rElec   .          Harm     .   g - +2 cloak
rCorr   .          Rampage  .   h - +0 pair of gloves
Will    .....                   n - +1 pair of boots
Stlth   ++........              (no amulet)
HPRegen 0.00/turn               (no ring)
MPRegen 0.09/turn               (no ring)

@: corroded, inhibited regen
A: claws 1, cold resistance 1, negative energy resistance 3, inhibited
regeneration, torment resistance 2, devour on kill
a: no special abilities


You were on level 4 of the Dungeon.
You visited 1 branch of the dungeon, and saw 4 of its levels.

You collected 137 gold pieces.

Inventory:

Hand Weapons
 a - a +0 flail (weapon)
 l - a +1 dagger
Armour
 b - a +0 robe (worn)
 e - a +1 helmet (worn)
 g - a +2 cloak (worn)
 h - a +0 pair of gloves (worn)
 n - a +1 pair of boots (worn)
Scrolls
 f - a scroll of brand weapon {unknown}
 i - a scroll of teleportation
 m - a scroll of noise {unknown}
Potions
 c - a potion of invisibility
 k - a potion of degeneration {unknown}


   Skills:
 + Level 2.8 Fighting
 - Level 0.8 Short Blades
 + Level 1.7 Maces & Flails
 - Level 1.7 Dodging
 - Level 3.2 Stealth
 - Level 1.5 Unarmed Combat
 - Level 1.7 Spellcasting
 - Level 2.4 Hexes


You had 6 spell levels left.
You didn't know any spells.
Your spell library contained the following spells:

 Spells                   Type           Power      Damage    Failure   Level
 Ensorcelled Hibernation  Hex/Ice        6%         N/A       30%         2
 Confusing Touch          Hex            5%         N/A       34%         3
 Tukima's Dance           Hex            5%         N/A       34%         3
 Dazzling Flash           Conj/Hex       6%         N/A       52%         3


Dungeon Overview and Level Annotations

Branches:
Dungeon (4/15)
 Temple: D:4-7

Altars:

Shops:
D:2 (

Annotations:
D:2 Natasha
D:3 Sigmund, Terence


Innate Abilities, Weirdness & Mutations

You are immune to poison.
You have sharp fingernails.
Your flesh is cold resistant. (rC+)
You are immune to negative energy. (rN+++)
You do not regenerate when monsters are visible.
You are immune to unholy pain and torment.
You thrive by killing the living.


Message History

The hobgoblin barely misses you.
You hit the hobgoblin.
You kill the hobgoblin!
No target in view!
Things that are here:
a +0 club; a hobgoblin corpse; a goblin corpse You start resting.
A jelly comes into view.
The jelly quivers.
Things that are here:
a +0 club; a hobgoblin corpse; a goblin corpse You start resting.
A jelly is nearby!
Throw: throwing net
Press: ? - help, Q - select action Shift-Dir - straight line, f - jelly
Aim: a jelly (88% to hit)
You throw a throwing net. The throwing net hits the jelly.
The jelly is caught in the net!
The jelly struggles against the net.
You hit the jelly. The acid corrodes you!
Your hands burn!
The jelly is lightly wounded.
The jelly struggles against the net.
You hit the jelly. The acid corrodes you!
Your hands burn!
The jelly is lightly wounded.
The jelly struggles against the net. x2
You hit the jelly.
Your hands burn!
The jelly is moderately wounded.
The jelly struggles against the net.
You catch the helpless jelly completely off-guard!
You hit the jelly.
Your hands burn!
The jelly is moderately wounded.
The jelly struggles against the net.
The net rips apart, and the jelly comes free!
You hit the jelly but do no damage. The acid corrodes you!
Your hands burn!
* * * LOW HITPOINT WARNING * * *
The jelly is moderately wounded.
The jelly hits you.
* * * LOW HITPOINT WARNING * * *
You are splashed with acid.
You die...

#### # . ## ###..##
.#...
#..###..)..###....#
##......J#..#<.##...
#.......@#....J......
...##.......)........
. ##.#......#..#...
#..#........# ..
...###.......# . ...#
#..#...... ...
...##..... ...# ..###
.....


You could see a jelly.

Vanquished Creatures
  Natasha (D:2)
  An adder (D:2)
  3 ball pythons (D:1)
  2 endoplasms (D:1)
  A giant cockroach (D:1)
  9 goblins
  2 hobgoblins
  5 jackals
  2 quokkas (D:1)
  6 bats
  6 frilled lizards
  2 kobolds (D:1)
  A rat (D:2)
41 creatures vanquished.

Notes
Turn   | Place    | Note
-------+----------+-------------------------------------------
     0 | D:1      | SnakkuSnakku7 the Ghoul Enchanter began the quest for the
                  | Orb.
     0 | D:1      | Reached XP level 1. HP: 14/14 MP: 2/2
   130 | D:1      | Found a faded altar of an unknown god.
   164 | D:1      | Reached skill level 1 in Fighting
   164 | D:1      | Reached skill level 1 in Unarmed Combat
   165 | D:1      | Reached XP level 2. HP: 14/23 MP: 3/3
   395 | D:2      | Noticed Natasha
   397 | D:2      | Noticed a crimson imp
   407 | D:2      | Found Rauzoa's Antique Weapon Shoppe.
   609 | D:2      | Reached XP level 3. HP: 13/29 MP: 4/4
   830 | D:2      | HP: 1/29 [Natasha (4)]
   838 | D:2      | Killed Natasha
   839 | D:2      | Reached skill level 1 in Maces & Flails
   841 | D:2      | Reached XP level 4. HP: 10/37 MP: 5/5
  1536 | D:2      | Noticed Natasha
  1838 | D:3      | Noticed Terence
  1860 | D:3      | Noticed Sigmund
  1919 | D:4      | Splashed by a jelly's acid

Illustrated notes

Levels and vault maps discovered:
D:1:      dpeg_arrival_refuge, layout_rooms, basic_ecumenical_altar
D:2:      minmay_skewed_foursquare, layout_basic, serial_shops, shop,
          uniq_natasha
D:3:      layout_loops_ring, nicolae_uskayaw_suspiria, uniq_ijyb, uniq_terence,
          uniq_sigmund
D:4:      layout_cave_pools, uniq_menkaure

Skill      XL: |  1  2  3 |
---------------+----------+-----
Fighting       | 1 2 |  2.8
Unarmed Combat | 1 |  1.5
Maces & Flails | 1 |  1.7
Short Blades   | |  0.8
Dodging        | |  1.7
Stealth        | |  3.2
Spellcasting   | |  1.7
Hexes          | |  2.4

Action                   |  1- 3 |  4- 6 || total
-------------------------+-------+-------++-------
Melee: Dagger            |   102 |    73 ||   175
       Punch             |     1 |     1 ||     2
       Unarmed           |     8 |       ||     8
       Flail             |       |    26 ||    26
Throw: Throwing net      |       |     1 ||     1
  Use: Potion            |     5 |     1 ||     6
       Scroll            |       |     3 ||     3
 Stab: Invisible         |     5 |       ||     5
       Sleeping          |     1 |     2 ||     3
       Held in net/web   |       |     1 ||     1
Armor: Robe              |    46 |    46 ||    92
Dodge: Dodged            |   134 |    63 ||   197
